 Dungeon Crawl Stone Soup version 0.16.1 (webtiles) character file.

622 Meow the Insei (level 7, -9/49 HPs)
             Began as an Octopode Wizard on Mar 24, 2015.
             Mangled by a gnoll
             ... wielding a +0 scythe
              (12 damage)
             ... on level 5 of the Dungeon.
             The game lasted 00:19:26 (4737 turns).

Meow the Insei (Octopode Wizard)                    Turns: 4737, Time: 00:19:26

Health: -9/49      AC:  4    Str:  7      XL:     7   Next: 46%
Magic:  0/14       EV: 12    Int: 22      God:
Gold:   175        SH:  0    Dex:  8 (10) Spells: 4 memorised, 4 levels left

rFire  . . .     SeeInvis .     E - -2 mace (curse)
rCold  . . .     Clarity  .     (no shield)
rNeg   . . .     SustAb   .     b - +0 hat
rPois  .         Gourm    .     w - amulet of guardian spirit
rElec  .         Spirit   +     A - +3 ring of protection
rCorr  .         Warding  .     (no ring)
rMut   .         Stasis   .     (no ring)
MR     .....                    (no ring)
Stlth  +++.......               (no ring)
                                (no ring)
                                (no ring)
                                (no ring)

@: very slightly contaminated, not resistant to hostile enchantments, fairly
stealthy
A: almost no armour, amphibious, 8 rings, constrict 8, camouflage 1, gelatinous
body 1
a: no special abilities


You were on level 5 of the Dungeon.
You were very hungry.

You visited 1 branch of the dungeon, and saw 6 of its levels.

You collected 273 gold pieces.
You spent 98 gold pieces at shops.

Inventory:

Hand weapons
 a - a +0 long sword of slicing
 r - a +1 hunting sling of flaming
 C - a +2 dagger of venom
 E - a cursed -2 mace (weapon)
Missiles
 s - 26 stones (quivered)
 y - 12 sling bullets
Armour
 b - a +0 hat (worn)
Jewellery
 w - an amulet of guardian spirit (around mantle)
 A - a +3 ring of protection (left tentacle)
Magical devices
 m - a wand of frost (25)
Scrolls
 i - a scroll of immolation
 t - 2 scrolls of teleportation
 v - 2 scrolls of identify
Potions
 e - a potion of heal wounds
 f - a potion of ambrosia {unknown}
 j - 2 potions of curing
 k - a potion of lignification {unknown}
 l - a potion of poison {unknown}
 p - 2 potions of agility {unknown}
 u - a potion of resistance {unknown}
 x - a potion of invisibility {unknown}
 D - a potion of flight {unknown}
Books
 c - a book of Minor Magic

   Spells                             Type                      Level
   a - Magic Dart                     Conjuration                  1
   b - Blink                          Translocation                2
   c - Call Imp                       Summoning                    2
   d - Repel Missiles                 Charms/Air                   2
   e - Slow                           Hexes                        2
   f - Conjure Flame                  Conjuration/Fire             3
   g - Mephitic Cloud                 Conjuration/Poison/Air       3
 B - a book of Summonings

   Spells                             Type                      Level
   a - Abjuration                     Summoning                    3
   b - Recall                         Summoning/Translocation      3
   c - Shadow Creatures               Summoning                    5
   d - Summon Demon                   Summoning                    5
   e - Summon Forest                  Summoning/Translocation      5
   f - Monstrous Menagerie            Summoning                    6
Comestibles
 d - 6 bread rations
 g - a beef jerky
 h - 4 meat rations
 o - 3 fruits
 q - a royal jelly


   Skills:
 + Level 4.3 Fighting
 + Level 1.3 Long Blades
 - Level 2.0 Dodging
 - Level 2.6 Stealth
 + Level 4.4 Unarmed Combat
 - Level 3.0 Spellcasting
 + Level 3.9 Conjurations
   Level 1.0 Summonings
 - Level 1.0 Translocations


You had 4 spell levels left.
You knew the following spells:

 Your Spells              Type           Power        Failure   Level  Hunger
a - Magic Dart            Conj           ###.         2%          1    None
c - Mephitic Cloud        Conj/Pois/Air  #.......     21%         3    ###....
f - Repel Missiles        Chrm/Air       #.....       21%         2    ##.....
t - Blink                 Tloc           N/A          14%         2    ##.....


Dungeon Overview and Level Annotations

Branches:
Dungeon (6/15)
 Temple: D:4-7

Altars:
Dithmenos
Okawaru
Qazlal
Yredelemnul

Shops:
D:4 (   D:5 !}


Innate Abilities, Weirdness & Mutations

You cannot wear most types of armour.
You are amphibious.
You can wear up to eight rings at the same time.
You can use your tentacles to constrict many enemies at once.
Your skin changes colour to match your surroundings (Stealth).
Your rubbery body absorbs attacks (AC +1).


Message History

The gnoll hits you from afar with a scythe!
* * * LOW HITPOINT WARNING * * *
Casting: Blink
Confirm with . or Enter, or press ? or * to list all spells.
You don't have enough magic to cast that spell.
The gnoll barely misses you. The quasit misses you.
The quasit closely misses you. The quasit closely misses you.
The gnoll hits you from afar with a scythe.
* * * LOW HITPOINT WARNING * * *
The quasit barely misses you. The quasit claws you.
* * * LOW HITPOINT WARNING * * *
You feel clumsy.
The quasit claws you but does no damage.
The quasit barely misses you. The quasit claws you.
* * * LOW HITPOINT WARNING * * *
The quasit claws you.
* * * LOW HITPOINT WARNING * * *
The gnoll hits you with a scythe!
You die...

.........)##...# #...# #........
.#.............###...# ####g.....
.#................Y..###....#####
.....!.......#...#....g..######..
...#...........##....###..Z.Yg.5#
..........>##.....##....g########
..###.#.......gg$.##.####### ..#
..#....#...5.g..........# ...
....##....OZ@.......(..5 ..
###<[......####.......>. .
...####..# #####....> #### #....
.... #..... .. #..... # #......
#.... #


You could see a sky beast, an ogre, a quasit, 3 gnolls and a centaur skeleton.

Vanquished Creatures
  A giant frog (D:6)
  Blork the orc (D:6)
  2 scorpions
  A centaur skeleton (D:4)
  2 hounds
  3 worker ants (D:4)
  An iguana (D:4)
  Ijyb (D:4)
  6 adders
  2 giant mites
  3 worms
  8 giant geckos
  3 oozes
  9 bats
  A bat skeleton (D:4)
  5 giant cockroaches
  14 goblins
  9 hobgoblins
  7 jackals (D:2)
  A ball python (D:1)
  3 giant newts
  7 kobolds
  2 quokkas (D:4)
  7 rats
99 creatures vanquished.

Notes
Turn   | Place    | Note
--------------------------------------------------------------
     0 | D:1      | Meow, the Octopode Wizard, began the quest for the Orb.
     0 | D:1      | Reached XP level 1. HP: 11/11 MP: 4/4
    65 | D:1      | Reached skill level 1 in Fighting
    65 | D:1      | Reached skill level 1 in Unarmed Combat
    65 | D:1      | Reached XP level 2. HP: 11/18 MP: 0/6
   783 | D:1      | Reached XP level 3. HP: 15/23 MP: 5/7
  1196 | D:2      | Found a shadowy altar of Dithmenos.
  1248 | D:2      | Learned a level 3 spell: Mephitic Cloud
  1283 | D:2      | Found an iron altar of Okawaru.
  1326 | D:2      | Found a stormy altar of Qazlal.
  1521 | D:2      | Reached XP level 4. HP: 29/29 MP: 5/9
  2117 | D:2      | Learned a level 2 spell: Repel Missiles
  2120 | D:2      | Learned a level 2 spell: Blink
  2491 | D:3      | Reached XP level 5. HP: 26/35 MP: 3/11
  3356 | D:4      | Reached XP level 6. HP: 36/42 MP: 9/12
  3385 | D:4      | Noticed Ijyb
  3397 | D:4      | Killed Ijyb
  3843 | D:4      | Reached skill level 4 in Unarmed Combat
  3866 | D:4      | Noticed a phantom
  3980 | D:4      | Found Pniutt's Antique Weapon Shop.
  3986 | D:4      | Bought a runed long sword for 98 gold pieces
  4082 | D:4      | Reached XP level 7. HP: 48/48 MP: 11/14
  4256 | D:5      | Entered Level 5 of the Dungeon
  4402 | D:5      | Found Imiagori's Distillery.
  4427 | D:5      | Found Skefikh's Gadget Shop.
  4610 | D:6      | Noticed Blork the orc
  4623 | D:6      | Killed Blork the orc
  4623 | D:6      | Reached skill level 1 in Long Blades
  4638 | D:6      | Found a basalt altar of Yredelemnul.
  4737 | D:5      | Mangled by a gnoll

Action                   |  1- 3 |  4- 6 |  7- 9 || total
-------------------------+-------+-------+-------++-------
Melee: Unarmed           |    57 |   101 |       ||   158
       Dagger            |       |    38 |       ||    38
       Long sword        |       |     5 |    18 ||    23
       Mace              |       |       |     8 ||     8
 Cast: Magic Dart        |    41 |    58 |     5 ||   104
       Mephitic Cloud    |     1 |    10 |     8 ||    19
       Blink             |       |       |     3 ||     3
  Use: Scroll            |     3 |     1 |     3 ||     7
       Potion            |     1 |     2 |       ||     3
 Stab: Sleeping          |     2 |     1 |       ||     3
       Confused          |       |     4 |       ||     4
  Eat: Chunk             |     1 |     9 |     2 ||    12
       Fruit             |       |       |     2 ||     2
